Map: Old Republic LE

Players

Diegodeguas

  • Race: Protoss Protoss
  • League: Master
  • Spawn Location: 7:00

GhostRobo - Winner!

  • Race: Terran Terran
  • Spawn Location: 1:00

VOD

Have the link to the VOD?

Description

Time

  • Played on: Dec. 15, 2025, 11:29 a.m.
  • Length: 13:10
Show
View Real Time Build Order
Export as new Build Order

Diegodeguas Protoss 

Build Orders:  

Get SALT Encoding   

  12  0:00  Probe  
  13  0:16  Pylon  
  13  0:17  Probe  
  14  0:29  Probe  
  15  0:36  Gateway  
  15  0:44  Probe  
  16  0:52  Probe  
  17  1:00  Probe  
  18  1:12  Probe  
  18  1:15  Assimilator  
  19  1:19  Assimilator  
  19  1:24  Probe  
  20  1:26  Cybernetics Core  
  20  1:32  Pylon  
  20  1:36  Probe  
  21  1:48  Probe  
  21  1:50  Zealot  
  24  1:55  Warp Gate  
  24  2:00  Probe  
  25  2:13  Probe  
  26  2:18  Gateway  
  26  2:20  Gateway  
  26  2:23  Gateway  
  26  2:25  Probe  
  27  2:35  Stalker  
  27  2:37  Probe  
  30  2:47  Pylon  
  30  2:49  Probe  
  31  3:05  Probe  
  31  3:17  Pylon  
  31  3:27  Nexus  
  31  3:30  Assimilator  
  31  3:32  Assimilator, Probe  
  32  3:44  Stalker x2  
  36  3:51  Stalker  
  38  3:59  Stalker  
  40  4:19  Stalker x2  
  40  4:20  Stalker  
  46  4:39  Pylon  
  46  4:43  Pylon  
  46  4:44  Stalker  
  44  5:18  Stalker x3  
  44  5:19  Stalker  
  50  5:25  Pylon  
  38  5:58  Stalker x3  
  38  5:59  Stalker  
  46  6:10  Twilight Council  
  46  6:12  Probe  
  46  6:13  Forge, Probe  
  48  6:25  Probe x2  
  50  6:37  Probe x2  
  50  6:38  Stalker x2  
  50  6:39  Stalker  
  54  7:36  Stalker  
  56  7:37  Stalker x2  
  56  7:38  Stalker  
  56  7:41  Blink  
  56  7:42  Protoss Shields Level 1  
  49  8:06  Stalker  
  49  8:07  Stalker x2  
  49  8:08  Stalker  
  54  8:29  Probe  
  54  8:30  Probe  
  56  8:37  Probe  
  56  8:38  Probe  
  56  8:45  Probe  
  56  8:46  Probe  
  58  8:54  Probe x2  
  52  9:06  Probe x2  
  52  9:20  Stalker x2  
  52  9:21  Stalker x2  
  60  9:26  Probe  
  60  9:27  Probe  
  63  9:38  Probe  
  63  9:39  Probe  
  63  9:43  Protoss Ground Armor Level 1  
  64  9:50  Probe  
  64  9:51  Probe  
  66  10:02  Probe  
  66  10:03  Probe  
  68  10:08  Stalker  
  68  10:09  Stalker x2  
  68  10:10  Stalker  
  76  10:14  Probe  
  76  10:15  Probe  
  78  10:23  Robotics Facility  
  78  10:27  Robotics Facility  
  78  10:31  Stargate  
  78  10:33  Stargate, Stalker  
  62  10:57  Nexus  
  62  10:59  Stalker x2  
  66  11:23  Immortal  
  66  11:24  Immortal  
  78  11:34  Void Ray  
  78  11:42  Pylon  
  82  11:49  Void Ray  
  72  12:18  Immortal  
  72  12:20  Immortal  
  84  12:28  Void Ray  
Show
View Real Time Build Order
Export as new Build Order

GhostRobo Terran - Winner!

Build Orders:  

Get SALT Encoding   

  12  0:00  SCV  
  13  0:13  SCV  
  14  0:22  Supply Depot  
  14  0:25  SCV  
  15  0:43  SCV  
  15  0:45  Barracks  
  16  0:52  Refinery  
  16  0:55  SCV  
  17  1:07  SCV  
  18  1:19  SCV  
  19  1:34  Supply Depot  
  19  1:35  Barracks Reactor  
  19  1:57  Orbital Command  
  19  2:09  Command Center  
  19  2:12  Marine x2  
  21  2:24  SCV  
  21  2:29  Marine  
  22  2:30  Marine  
  22  2:36  SCV, Factory  
  25  3:05  Marine x2  
  27  3:19  SCV  
  28  3:22  Factory Tech Lab  
  28  3:23  Marine x2  
  28  3:24  Orbital Command  
  30  3:31  SCV  
  30  3:32  Starport  
  31  3:36  Refinery  
  31  3:41  Marine x2  
  32  3:44  SCV  
  34  3:50  Orbital Command  
  34  4:01  SCV  
  35  4:07  Siege Tank  
  35  4:09  Marine x2  
  40  4:13  SCV  
  41  4:19  SCV  
  41  4:20  Bunker  
  42  4:25  SCV  
  42  4:26  Marine  
  42  4:27  Marine  
  45  4:31  SCV  
  45  4:32  Starport Tech Lab  
  45  4:37  SCV  
  46  4:38  Fusion Core  
  46  4:51  Barracks  
  46  4:53  Barracks  
  46  4:54  Supply Depot x2  
  46  5:08  SCV x2  
  42  5:17  Siege Tank  
  42  5:18  Marine  
  42  5:19  Marine  
  44  5:36  Marine x2  
  46  5:55  Orbital Command  
  46  6:19  Battlecruiser  
  46  6:22  SCV x2  
  54  6:33  Barracks Tech Lab x2  
  54  6:34  SCV x2  
  54  6:35  Refinery x2  
  56  6:46  SCV x2  
  56  6:58  SCV  
  54  7:14  Siege Tank  
  56  7:20  Marine x4  
  59  7:37  Marine  
  59  7:42  SCV  
  61  7:46  Marine  
  62  8:17  Orbital Command  
  62  8:35  Supply Depot  
  62  8:36  Supply Depot  
  62  8:39  Supply Depot  
  62  8:47  Combat Shield  
  62  8:56  SCV, Marine x4, Siege Tank  
  55  9:13  Marine  
  55  9:14  Marine x3  
  59  9:29  Siege Tank  
  62  9:31  Marine  
  62  9:32  Marauder, Marine x2  
  66  9:47  Orbital Command  
  66  9:49  Marine  
  66  9:50  Marine x2  
  69  9:53  Marine  
  69  9:59  SCV  
  70  10:01  Siege Tank  
  73  10:07  Marine x3  
  73  10:11  SCV  
  77  10:21  Supply Depot  
  77  10:22  Supply Depot  
  77  10:23  Command Center  
  77  10:24  Supply Depot  
  77  10:26  Supply Depot  
  75  10:51  Marine x2  
  75  10:52  Marine x2  
  75  10:56  SCV  
  80  11:01  Battlecruiser  
  86  11:09  SCV, Marine x2  
  89  11:12  Marine x2  
  91  11:21  SCV  
  92  11:27  Marine x2  
  92  11:30  Marine  
  95  11:33  SCV  
  96  11:45  SCV  
Tags
 
League
Master
Matchup
PvT
Spawn Locations
Cross Positions
Add a new tag
Caveats
  • Supply blocks, unpowered buildings, or Contaminate may cause inaccurate times.
  • Supply counts are checked every 10 seconds.